 Dungeon Crawl Stone Soup version 0.22-a0-3-g4fa69d9a97 (webtiles) character file.

0 Manul the Ducker (level 1, -8/11 HPs)
             Began as a Spriggan Abyssal Knight on Jan 1, 2018.
             Was a Follower of Lugonu.
             Mangled by a blink frog (19 damage)
             ... on level 4 of the Abyss.
             The game lasted 00:01:27 (316 turns).

Manul the Ducker (Spriggan Abyssal Knight)           Turns: 316, Time: 00:01:27

Health: -8/11      AC:  2    Str:  8    XL:     1   Next: 0%
Magic:  3/3        EV: 18    Int: 13    God:    Lugonu [*.....]
Gold:   266        SH:  0    Dex: 15    Spells: 0/0 levels left

rFire    . . .     SeeInvis +   a - +2 short sword
rCold    . . .     Gourm    .   (shield restricted)
rNeg     + . .     Faith    .   d - +0 robe {MR+}
rPois    .         Spirit   .   (helmet restricted)
rElec    .         Reflect  .   (no cloak)
rCorr    .         Harm     .   (gloves unavailable)
MR       +....                  (boots unavailable)
Stlth    +.........             (no amulet)
HPRegen  0.00/turn              e - ring of positive energy
MPRegen  0.08/turn              (no ring)

@: non-regenerating, diseased, very quick
A: very small, unfitting armour, see invisible, herbivore, speed 3, slow
metabolism 2
a: Depart the Abyss, Renounce Religion


You were on level 4 of the Abyss.
You worshipped Lugonu.
Lugonu was aware of your devotion.
You were not hungry.

You visited 0 branches of the dungeon, and saw 0 of its levels.
You visited the Abyss 1 time.

You collected 266 gold pieces.

Inventory:

Hand Weapons
 a - a +2 short sword (weapon)
Armour
 b - a +0 robe
 d - a +0 robe of magic resistance (worn)
Jewellery
 e - a ring of positive energy (left hand)
Potions
 f - a potion of agility {unknown}
Comestibles
 c - 2 rations


   Skills:
 + Level 2.4 Fighting
 + Level 2.1 Short Blades
 + Level 3.5 Dodging
 + Level 1.7 Invocations


You couldn't memorise any spells.
You didn't know any spells.

Dungeon Overview and Level Annotations

Branches:
Dungeon (0/15)

Altars:


Innate Abilities, Weirdness & Mutations

You are very small and have problems with some larger weapons.
You are too small for most types of armour.
You have supernaturally acute eyesight. (SInv)
You are a herbivore.
You cover ground extremely quickly.
You need consume almost no food.


Message History

Found 26 sling bullets.
You feel ill.
The chaos spawn howls!
The deep elf elementalist gestures at you while chanting.
Some walls begin to move on their own!
You feel ill.
You hear a croak.
A large abomination comes into view.
Some walls begin to move on their own!
You hear a loud, deep croak!
A blink frog comes into view.
The blink frog looks sick.
Some walls begin to move on their own!
You hear a shout!
The blink frog croaks.
A small abomination comes into view.
The blink frog blinks!
You miss the blink frog. The blink frog misses you.
The blink frog barely misses you. The blink frog hits you!!
Ouch! That really hurt!
You die...

###. ..#.. .. ..... #..
...# #.. ...# . ##.#
##.## #x#
##...###...###..
#.....#@....#)....#.. ..
......F.....Xx..........
#.....#.....#e.X.. .....
##...###...###ยง..##
...# ##.# ##.## ##.##
##e## #..
##.X.###...###?..# #..
..#....E.EV...# ... ..
.. .....E4(..x......
....#...........#... .


You could see a tentacled starspawn, a deep elf elementalist, a large
abomination, 2 earth elementals, a blink frog, a chaos spawn and a small
abomination.

Vanquished Creatures (others)
  2 starspawn tentacles (Abyss:4)
2 creatures vanquished.

Notes
Turn   | Place    | Note
-------+----------+-------------------------------------------
     0 | Abyss:1  | Manul the Spriggan Abyssal Knight began the quest for the Orb.
     0 | Abyss:1  | Reached XP level 1. HP: 11/11 MP: 3/3
   247 | Abyss:4  | Noticed a rakshasa
   248 | Abyss:4  | Noticed a small abomination
   252 | Abyss:4  | Noticed a small abomination
   260 | Abyss:4  | Noticed a small abomination
   280 | Abyss:4  | Noticed a deep elf elementalist
   283 | Abyss:4  | Noticed an earth elemental
   285 | Abyss:4  | Noticed a tentacled starspawn
   289 | Abyss:4  | Noticed a tentacled starspawn
   289 | Abyss:4  | Noticed an earth elemental
   296 | Abyss:4  | Noticed an ancient zyme
   304 | Abyss:4  | Noticed a chaos spawn
   304 | Abyss:4  | Noticed a vampire
   306 | Abyss:4  | Noticed an earth elemental
   306 | Abyss:4  | Noticed an earth elemental
   307 | Abyss:4  | Noticed a large abomination
   309 | Abyss:4  | Noticed an earth elemental
   310 | Abyss:4  | Noticed a blink frog
   311 | Abyss:4  | Noticed an earth elemental
   312 | Abyss:4  | Noticed a small abomination
   316 | Abyss:4  | Mangled by a blink frog

Vault maps used:
Abyss:3:  hangedman_classic_abyss_death
Abyss:4:  hangedman_steaming_rock, evilmike_abyss_rune_ettins

Action                   || total
-------------------------++-------
Melee: Short sword       ||     1
  Use: Scroll            ||     3
Dodge: Dodged            ||     4

Table legend:
 A = Spawn XP
 B = Non-spawn XP
 C = Spawn XP percentage of total XP
 D = Spawn monster count
 E = Non-spawn monster count
 F = Spawn count percentage of total count
 G = Total turns spent on level
                    A         B        C        D         E        F      G
               +---------+---------+-------+---------+---------+-------+---------
         Total |       0 |       0 |   N/A |       0 |       0 |   N/A |   316
               +---------+---------+-------+---------+---------+-------+---------
               +---------+---------+-------+---------+---------+-------+---------
